Map: Romanticide LE

Players

ShoWTimE

  • Race: Protoss Protoss
  • Spawn Location: 11:00

Clem - Winner!

  • Race: Terran Terran
  • Spawn Location: 5:00

Event: IEM Katowice 2021

VOD

Have the link to the VOD?

Description

Time

  • Played on: Feb. 22, 2021, 8:47 a.m.
  • Length: 13:04

All games in this series

Show
View Real Time Build Order
Export as new Build Order

ShoWTimE Protoss 

Build Orders: 1 Gate Expand, Phoenix Opening 

Get SALT Encoding   

  12  0:00  Probe  
  13  0:12  Probe  
  14  0:18  Pylon  
  14  0:24  Probe  
  15  0:36  Gateway  
  15  0:38  Probe (Chrono Boost)  
  16  0:47  Assimilator, Probe (Chrono Boost)  
  17  0:52  Probe (Chrono Boost)  
  18  1:04  Probe  
  19  1:16  Probe  
  20  1:23  Cybernetics Core  
  20  1:32  Nexus  
  20  1:39  Pylon  
  20  1:42  Probe  
  21  1:50  Assimilator  
  22  1:54  Probe  
  22  1:56  Adept (Chrono Boost)  
  24  2:05  Shield Battery  
  24  2:08  Probe  
  25  2:17  Adept (Chrono Boost)  
  25  2:20  Probe  
  28  2:31  Stargate  
  28  2:32  Probe  
  29  2:40  Adept  
  32  2:46  Probe (Chrono Boost)  
  32  2:49  Probe (Chrono Boost)  
  32  2:50  Warp Gate  
  33  2:55  Probe (Chrono Boost)  
  35  2:58  Probe (Chrono Boost)  
  35  3:00  Probe (Chrono Boost)  
  36  3:08  Probe  
  36  3:12  Probe  
  38  3:15  Phoenix  
  40  3:20  Probe  
  40  3:24  Probe  
  41  3:31  Gateway  
  41  3:33  Probe (Chrono Boost)  
  40  3:36  Pylon  
  40  3:37  Probe (Chrono Boost)  
  40  3:40  Phoenix  
  45  3:48  Robotics Facility  
  45  3:49  Probe (Chrono Boost)  
  45  3:50  Probe (Chrono Boost)  
  45  3:54  Assimilator, Probe (Chrono Boost)  
  46  3:56  Assimilator  
  46  3:57  Probe (Chrono Boost)  
  47  4:03  Probe  
  47  4:05  Pylon, Phoenix (Chrono Boost)  
  47  4:08  Probe  
  51  4:15  Probe  
  52  4:21  Probe  
  53  4:27  Phoenix (Chrono Boost)  
  53  4:28  Probe  
  56  4:33  Probe  
  57  4:40  Probe  
  57  4:41  Observer  
  57  4:45  Probe  
  60  4:48  Nexus  
  60  4:49  Pylon  
  60  4:51  Robotics Bay  
  60  4:52  Probe  
  61  4:57  Probe  
  62  5:00  Pylon  
  62  5:05  Immortal (Chrono Boost)  
  62  5:07  Phoenix  
  62  5:09  Probe  
  62  5:10  Probe  
  70  5:19  Adept x2  
  74  5:23  Pylon  
  74  5:25  Shield Battery  
  74  5:35  Phoenix  
  73  5:37  Probe  
  73  5:41  Adept  
  77  5:42  Probe  
  72  5:51  Adept  
  72  5:52  Probe  
  69  5:57  Probe  
  69  6:01  Adept  
  72  6:04  Probe  
  72  6:10  Colossus (Chrono Boost)  
  73  6:17  Adept  
  81  6:19  Probe  
  81  6:25  Adept  
  84  6:26  Probe x2  
  84  6:31  Probe  
  87  6:38  Probe  
  87  6:39  Adept, Forge, Twilight Council  
  90  6:45  Probe x2  
  92  6:47  Pylon  
  92  6:52  Colossus (Chrono Boost)  
  98  6:54  Probe  
  98  6:57  Probe x2  
  97  7:04  Extended Thermal Lance (Chrono Boost)  
  97  7:05  Forge, Phoenix  
  97  7:06  Probe  
  100  7:15  Gateway x2  
  100  7:19  Charge  
  100  7:20  Probe  
  100  7:21  Probe  
  102  7:23  Protoss Ground Weapons Level 1 (Chrono Boost)  
  100  7:32  Assimilator  
  100  7:35  Assimilator  
  100  7:41  Colossus (Chrono Boost)  
  100  7:42  Gateway x2  
  106  7:47  Pylon  
  104  8:01  Pylon  
  104  8:02  Probe x2  
  104  8:04  Probe  
  104  8:08  Stalker x3  
  110  8:14  Pylon, Probe  
  110  8:18  Zealot  
  110  8:19  Pylon  
  111  8:21  Probe  
  111  8:25  Colossus (Chrono Boost)  
  118  8:28  Templar Archives  
  118  8:31  Probe  
  118  8:33  Pylon, Gateway  
  119  8:37  Gateway  
  119  8:38  Zealot x3  
  125  8:41  Shield Battery  
  125  8:43  Sentry x2  
  125  8:48  Zealot, Pylon  
  131  9:02  Zealot x3  
  135  9:04  Pylon  
  135  9:07  Forge  
  129  9:16  Zealot x3  
  130  9:17  Probe  
  130  9:18  Probe x2  
  130  9:19  Photon Cannon  
  131  9:25  Nexus  
  131  9:29  Probe  
  131  9:30  Probe x2, Photon Cannon  
  131  9:31  Protoss Ground Weapons Level 2 (Chrono Boost)  
  130  9:41  Probe  
  130  9:42  Probe x2  
  130  9:43  Stalker x2  
  137  9:46  High Templar x2  
  137  9:47  High Templar x2  
  143  9:52  Archon  
  143  9:53  Archon, Probe  
  143  9:54  Stalker, Probe  
  143  9:57  Probe  
  148  10:01  Zealot  
  148  10:05  Probe  
  143  10:11  Photon Cannon  
  143  10:13  Zealot  
  143  10:14  Zealot  
  147  10:16  Probe  
  147  10:18  Observer (Chrono Boost)  
  147  10:19  Probe  
  147  10:21  Probe  
  151  10:27  Stalker x2  
  151  10:28  Probe  
  150  10:31  Photon Cannon, Probe  
  150  10:33  Probe, High Templar x2  
  150  10:34  Protoss Ground Armor Level 1 (Chrono Boost)  
  156  10:40  Probe  
  156  10:42  Zealot x3  
  163  10:43  Probe  
  163  10:44  Probe  
  163  10:48  Zealot  
  161  10:51  Archon  
  154  10:57  Stalker x2  
  154  11:02  Photon Cannon  
  154  11:04  Stalker x3  
  164  11:08  Dark Shrine  
  164  11:10  Observer  
  165  11:12  Robotics Facility  
  165  11:18  Zealot x3  
  171  11:23  Pylon  
  171  11:24  Shield Battery  
  171  11:26  Photon Cannon  
  171  11:27  Pylon  
  171  11:32  Zealot  
  171  11:42  Zealot x5  
  163  11:49  Disruptor (Chrono Boost)  
  163  11:51  Zealot  
  163  11:52  Zealot  
  170  11:55  Zealot  
  170  11:59  Assimilator  
  170  12:00  Assimilator  
  164  12:09  Zealot x5  
  164  12:14  Disruptor (Chrono Boost)  
  157  12:23  Zealot x3  
  157  12:25  Disruptor (Chrono Boost)  
  154  12:30  Zealot x2  
  154  12:31  Zealot x3  
  130  12:44  Zealot x3  
  130  12:50  Zealot x2  
  130  12:51  Zealot x3  
Show
View Real Time Build Order
Export as new Build Order

Clem Terran - Winner!

Build Orders: Reaper Expand 

Get SALT Encoding   

  12  0:00  SCV  
  13  0:12  SCV  
  14  0:17  Supply Depot  
  14  0:24  SCV  
  15  0:39  SCV, Barracks  
  16  0:44  Refinery  
  16  0:51  SCV  
  17  1:03  SCV  
  18  1:15  SCV  
  19  1:26  Reaper  
  19  1:27  Orbital Command  
  20  1:45  Command Center  
  20  1:50  Supply Depot  
  20  1:52  SCV  
  21  1:58  Marine  
  22  2:04  SCV  
  22  2:07  Factory  
  23  2:15  Marine  
  23  2:18  Bunker  
  23  2:20  SCV  
  25  2:24  Refinery  
  25  2:32  SCV  
  25  2:34  Barracks Reactor  
  26  2:44  SCV  
  29  2:51  Hellion  
  29  2:56  Starport  
  29  2:57  Orbital Command  
  29  2:59  SCV  
  30  3:10  Marine x2  
  30  3:12  SCV  
  34  3:13  Widow Mine  
  34  3:23  SCV  
  34  3:24  SCV  
  33  3:28  Marine x2  
  36  3:34  Widow Mine  
  36  3:35  SCV  
  36  3:36  SCV  
  36  3:39  Supply Depot  
  38  3:41  Medivac  
  38  3:47  SCV  
  38  3:48  SCV  
  42  3:50  Marine x2  
  44  3:56  Factory Tech Lab  
  44  4:00  SCV x2  
  44  4:02  Supply Depot  
  46  4:08  Marine x2  
  48  4:12  SCV x2  
  50  4:19  Cyclone  
  50  4:23  Viking  
  50  4:24  SCV, Supply Depot  
  56  4:26  Marine x2  
  56  4:27  SCV  
  59  4:34  Supply Depot  
  59  4:36  SCV  
  60  4:39  SCV  
  60  4:45  Marine  
  62  4:46  Marine  
  62  4:48  SCV  
  62  4:51  Cyclone  
  65  4:53  Viking  
  65  4:56  SCV  
  68  5:00  SCV, Command Center  
  68  5:04  Marine x2  
  68  5:05  Supply Depot  
  71  5:08  SCV  
  71  5:11  Barracks  
  71  5:12  SCV  
  72  5:16  Barracks  
  72  5:20  SCV  
  72  5:22  Marine x2  
  72  5:24  SCV, Refinery  
  72  5:28  Siege Tank  
  78  5:34  Viking  
  80  5:37  SCV x2, Supply Depot  
  80  5:40  Marine x2  
  82  5:49  SCV  
  74  5:57  SCV  
  74  5:58  Marine x2  
  74  5:59  Engineering Bay x2  
  74  6:01  SCV  
  75  6:04  Starport Reactor  
  75  6:08  Refinery  
  75  6:10  SCV  
  74  6:12  Stimpack  
  74  6:13  Marauder, Factory Reactor  
  74  6:14  SCV, Barracks Tech Lab  
  77  6:19  Marine x2  
  77  6:25  SCV  
  80  6:26  Terran Infantry Weapons Level 1, Terran Infantry Armor Level 1  
  80  6:29  Supply Depot  
  80  6:32  Missile Turret  
  80  6:33  Marauder  
  80  6:36  Marine  
  80  6:37  Marine  
  80  6:38  Marauder  
  80  6:39  SCV  
  87  6:40  SCV  
  87  6:43  Combat Shield  
  88  6:47  SCV  
  88  6:48  Supply Depot  
  88  6:51  SCV  
  88  6:52  SCV  
  91  6:57  Marauder  
  91  6:58  Medivac  
  91  7:01  Marauder, Marine x2  
  92  7:04  Orbital Command  
  92  7:06  SCV  
  92  7:07  SCV  
  93  7:10  Medivac  
  95  7:16  Barracks  
  95  7:17  Barracks  
  95  7:18  SCV  
  95  7:19  SCV  
  95  7:20  Marine x2  
  97  7:23  Marauder  
  97  7:26  Marauder  
  98  7:30  SCV  
  98  7:31  Medivac  
  98  7:34  Supply Depot  
  98  7:35  Widow Mine x2  
  105  7:38  Supply Depot  
  105  7:39  Marine x2  
  66  7:44  Medivac, SCV, Marauder  
  107  7:45  SCV  
  107  7:46  SCV  
  114  7:54  Marauder  
  116  8:01  Widow Mine x2  
  120  8:06  Marauder  
  120  8:09  Barracks Reactor, Refinery, Barracks Tech Lab  
  120  8:10  Marine x2  
  120  8:11  Command Center, Armory  
  124  8:16  Medivac, Marauder  
  119  8:24  Widow Mine x2  
  119  8:25  Medivac  
  123  8:27  Marauder  
  123  8:28  SCV, Supply Depot  
  123  8:29  SCV x2  
  123  8:30  Marine x2, Refinery  
  123  8:32  Marauder  
  132  8:40  Supply Depot  
  132  8:41  SCV, Marauder  
  135  8:43  SCV x2  
  135  8:44  Supply Depot  
  137  8:48  Supply Depot, Marine x2  
  137  8:49  Marauder  
  137  8:55  Widow Mine x2  
  145  8:56  Medivac  
  145  8:57  Marine  
  145  9:01  Marauder  
  149  9:03  Marauder, Marine  
  148  9:10  Terran Infantry Armor Level 2, Terran Infantry Weapons Level 2  
  148  9:11  Marine  
  148  9:16  Widow Mine x2, Marine  
  152  9:23  Ghost Academy  
  146  9:24  Marine  
  146  9:26  Starport  
  146  9:27  Marauder  
  146  9:31  SCV x3  
  149  9:32  Marine x2  
  149  9:35  Marine x2  
  149  9:42  Viking x2  
  149  9:43  SCV  
  149  9:44  Marine  
  155  9:51  Marauder x2  
  155  9:52  Planetary Fortress  
  159  9:54  SCV x2  
  159  9:55  SCV  
  160  10:00  Marine  
  160  10:01  Marauder  
  160  10:04  Marine x2  
  160  10:06  Marine  
  163  10:12  Marine x2, Viking  
  163  10:13  Viking  
  167  10:18  SCV  
  167  10:19  Terran Ship Weapons Level 1  
  168  10:22  Marauder, Supply Depot  
  168  10:25  Marine x2, Refinery x2  
  168  10:26  Marine x2  
  174  10:30  Marauder x2  
  174  10:31  Viking  
  174  10:35  SCV x3  
  180  10:36  Viking  
  183  10:43  Ghost  
  183  10:49  Viking  
  179  10:50  Ghost  
  179  10:51  Marine x4, Ghost  
  179  10:53  Viking  
  189  11:00  Command Center  
  189  11:01  Missile Turret  
  187  11:05  Missile Turret  
  187  11:08  Marine, Viking  
  188  11:11  Ghost  
  188  11:12  Viking  
  188  11:13  Marine  
  188  11:14  Marine x2  
  188  11:16  Supply Depot  
  195  11:20  Enhanced Shockwaves  
  195  11:27  Barracks x2  
  195  11:28  Barracks  
  195  11:35  Sensor Tower  
  195  11:37  Marine, Ghost  
  195  11:38  Marauder  
  200  11:41  Viking  
  200  11:45  Marauder  
  192  11:50  Viking  
  194  11:54  Marine  
  194  11:55  Marine x2  
  194  11:58  Command Center  
  194  11:59  Marauder  
  194  12:00  Command Center, Fusion Core  
  197  12:06  Marauder  
  195  12:10  Ghost  
  195  12:13  Marine  
  195  12:14  Viking  
  192  12:16  Marine  
  192  12:20  Marauder  
  195  12:22  Medivac  
  195  12:25  Marine x2  
  195  12:27  Ghost, Barracks Tech Lab x2  
  195  12:29  Barracks Tech Lab  
  193  12:32  Marine  
  193  12:34  Marine  
  187  12:39  Marauder  
  187  12:42  Marauder  
  187  12:43  Marine x2  
  178  12:45  Marine  
  178  12:46  SCV  

Tags
 
Add a new tag
Caveats
  • Supply blocks, unpowered buildings, or Contaminate may cause inaccurate times.
  • Supply counts are checked every 10 seconds.